Map: Jagannatha LE

Players

Boomhauer - Winner!

  • Race: Protoss Protoss
  • League: Master

A.I. 2 (Elite)

  • Race: Terran Terran

VOD

Have the link to the VOD?

Description

Time

  • Played on: June 14, 2021, 6:09 p.m.
  • Length: 8:13
Show
View Real Time Build Order
Export as new Build Order

Boomhauer Protoss - Winner!

Build Orders: Blink Stalkers 

Get SALT Encoding   

  12  0:01  Probe  
  13  0:13  Probe  
  14  0:20  Pylon  
  14  0:25  Probe  
  15  0:38  Probe  
  16  0:42  Gateway  
  16  0:50  Probe  
  16  0:52  Assimilator  
  17  1:03  Probe  
  18  1:04  Assimilator  
  18  1:15  Probe  
  19  1:22  Pylon  
  19  1:27  Probe  
  20  1:39  Cybernetics Core, Probe  
  21  1:51  Probe  
  22  2:03  Gateway x2, Probe  
  22  2:07  Pylon  
  23  2:20  Warp Gate  
  23  2:22  Twilight Council  
  23  2:24  Stalker  
  25  2:43  Gateway  
  25  2:52  Stalker x2  
  25  2:53  Blink (Chrono Boost)  
  29  3:14  Stalker  
  31  3:40  Pylon  
  31  3:43  Probe  
  32  4:08  Nexus  
  32  4:10  Stalker x3  
  38  4:18  Stalker  
  40  4:30  Probe  
  41  4:42  Probe  
  42  4:54  Probe  
  42  4:55  Stalker x2  
  47  5:10  Pylon  
  47  5:12  Robotics Facility  
  47  5:18  Pylon  
  47  5:20  Probe  
  48  5:22  Pylon, Probe  
  49  5:32  Probe  
  49  5:34  Probe  
  51  5:43  Stalker x2  
  51  5:44  Probe  
  51  5:46  Probe  
  57  5:56  Probe  
  58  5:59  Probe  
  59  6:08  Probe  
  59  6:11  Probe  
  61  6:20  Probe  
  61  6:22  Stalker x4  
  68  6:28  Probe  
  69  6:32  Probe  
  70  6:47  Stalker x4  
  70  6:52  Robotics Bay  
  78  6:54  Forge  
  78  6:55  Forge  
  78  7:41  Nexus  
  78  7:44  Pylon, Assimilator  
  84  7:45  Pylon, Assimilator  
  84  7:47  Assimilator x2  
Show
View Real Time Build Order
Export as new Build Order

A.I. 2 (Elite) Terran 

Build Orders:  

Get SALT Encoding   

  12  0:00  SCV  
  13  0:13  SCV  
  14  0:18  Supply Depot  
  14  0:25  SCV  
  15  0:39  SCV  
  15  0:42  Barracks  
  16  0:52  SCV  
  17  1:04  SCV  
  18  1:11  Refinery  
  18  1:14  Supply Depot  
  18  1:16  SCV  
  19  1:28  SCV  
  19  1:30  Marine  
  21  1:42  Command Center  
  21  2:06  Barracks  
  21  2:07  SCV  
  22  2:10  Marine  
  23  2:16  Factory  
  23  2:19  SCV  
  24  2:24  Supply Depot  
  24  2:29  Marine  
  25  2:31  SCV  
  26  2:43  SCV  
  27  2:47  Marine  
  28  2:54  Orbital Command  
  28  2:55  SCV  
  29  3:03  Refinery, Factory Tech Lab  
  29  3:11  Orbital Command  
  29  3:12  Marine  
  29  3:15  Marine  
  31  3:20  SCV  
  31  3:30  Marine  
  31  3:32  SCV  
  31  3:33  Marine  
  34  3:36  SCV  
  35  3:44  SCV  
  35  3:46  Barracks  
  35  3:48  Marine, SCV  
  37  3:51  Marine  
  39  3:57  SCV  
  39  4:00  SCV  
  39  4:01  Supply Depot  
  41  4:07  Barracks Tech Lab  
  41  4:09  SCV  
  42  4:10  Barracks Tech Lab  
  42  4:12  SCV  
  42  4:13  Siege Tank  
  45  4:21  SCV  
  46  4:24  SCV  
  46  4:25  Marine  
  46  4:28  Marine  
  47  4:32  Marine  
  47  4:33  SCV  
  47  4:37  SCV  
  48  4:43  Marine  
  45  4:45  Marine  
  45  4:46  Hellion, SCV  
  45  4:49  SCV  
  45  4:50  Marine  
  46  4:58  SCV  
  45  5:01  Marauder, SCV  
  45  5:03  Marine  
  49  5:09  Barracks Tech Lab  
  49  5:10  SCV  
  49  5:12  Supply Depot  
  49  5:13  SCV  
  51  5:20  Siege Tank  
  54  5:22  Barracks Reactor, Marauder  
  56  5:28  Supply Depot  
  54  5:36  Marauder  
  49  5:43  Marine, SCV  
  45  5:53  Siege Tank  
  45  5:55  SCV  
  45  5:56  Engineering Bay  
  48  5:58  Marauder  
  48  6:02  Marine  
  48  6:03  Marine x2  
  48  6:07  SCV  
  44  6:18  Marine  
  31  6:37  Marauder  
Tags
 
Add a new tag
Caveats
  • Supply blocks, unpowered buildings, or Contaminate may cause inaccurate times.
  • Supply counts are checked every 10 seconds.